 Dungeon Crawl Stone Soup version 0.24.0-13-gcf9b319 (webtiles) character file.

Game seed: 625279712578366392, levelgen mode: deterministic

1024 Inchmeat the Cleaver (level 8, -11/64 HPs)
             Began as a Hill Orc Fighter on Dec 31, 2019.
             Mangled by an orc warrior
             ... wielding a +0 halberd
              (21 damage)
             ... on level 6 of the Dungeon.
             The game lasted 00:07:13 (6205 turns).

Inchmeat the Cleaver (Hill Orc Fighter)             Turns: 6205, Time: 00:07:14

Health: -11/64     AC:  6    Str: 26    XL:     8   Next: 22%
Magic:  0/8        EV: 10    Int:  8    God:
Gold:   127        SH:  0    Dex: 10    Spells: 7/7 levels left

rFire    . . .     SeeInvis +   a - +0 war axe
rCold    + . .     Gourm    .   (no shield)
rNeg     . . .     Faith    .   b - +0 scale mail
rPois    .         Spirit   +   (no helmet)
rElec    .         Reflect  .   g - scarf {Spirit}
rCorr    .         Harm     .   (no gloves)
MR       .....                  (no boots)
Stlth    ..........             (no amulet)
HPRegen  0.20/turn              k - ring of protection from cold
MPRegen  0.11/turn              s - ring of see invisible

@: mighty
A: no striking features
a: no special abilities


You were on level 6 of the Dungeon.
You were hungry.

You visited 1 branch of the dungeon, and saw 6 of its levels.

You collected 127 gold pieces.

Inventory:

Hand Weapons
 a - a +0 war axe (weapon)
Armour
 b - a +0 scale mail (worn)
 c - a +0 shield
 g - a scarf of spirit shield (worn)
 o - a +1 cloak
Jewellery
 k - a ring of protection from cold (left hand)
 s - a ring of see invisible (right hand)
Wands
 p - a wand of flame (12)
Scrolls
 i - 4 scrolls of remove curse {@r2}
 j - 2 scrolls of identify {@r1}
 l - a scroll of amnesia
 m - a scroll of magic mapping {unknown}
 n - a scroll of blinking
 r - a scroll of fog
 w - 2 scrolls of teleportation
Potions
 d - a potion of might
 e - 3 potions of degeneration {unknown}
 h - a potion of curing {unknown}
 q - a potion of magic {unknown}
Comestibles
 f - 6 rations


   Skills:
 - Level 3.6 Fighting
 + Level 12.1 Axes
 - Level 3.2 Armour
 - Level 3.2 Shields


You had 7 spell levels left.
You didn't know any spells.
Your spell library was empty.

Dungeon Overview and Level Annotations

Branches:
Dungeon (6/15)
 Temple: D:4-7

Altars:
Cheibriados


Message History

Tha orc warrior be lightly wounded.
Tha orc warrior hits ye wit' a +0 halberd!!
* * * LOW HITPOINT WARNIN'
* * * Ye barely miss tha orc warrior.
Tha orc warrior be lightly wounded.
Ye hit tha orc warrior but do nay damage.
Tha orc warrior be lightly wounded.
Tha orc warrior hits ye wit' a +0 halberd.
* * * LOW HITPOINT WARNIN'
* * * Ye slash tha orc warrior!
Tha orc warrior be heavily wounded.
Tha orc warrior closely misses ye.
Ye closely miss tha orc warrior.
Tha orc warrior be heavily wounded.
Ye hear a distant slurpin' noise.
Tha orc wizard casts a cantrip, but nuthin' happens.
Ye closely miss tha orc warrior.
Tha orc warrior be heavily wounded.
Tha orc warrior hits ye wit' a +0 halberd!!
Ye die...

.#.# #.... ...#
#####...######.#. ...
.[............... ..
##..##.#.#####.#. .
#.##..##..#o# ...
#.#.....o##.#
#..#...)#### #.# .#
#....<..######.###...##
####.....)@ooo........#
.......>######.#####..#
.........######.####$..
.........(......o.....(.
..##...#..####.....##...
. ..#.#....##.......#..#
....#..#.......<....# ..
.##.............#
........%....#


You could see an orc warrior, an orc wizard (invisible) and an orc.

Vanquished Creatures
  2 ice beasts (D:5)
  An ogre (D:4)
  A centaur (D:5)
  A crimson imp (D:5)
  A jelly (D:4)
  3 hounds
  2 orc priests (D:4)
  3 orc wizards (D:5)
  7 worker ants
  A hound zombie (D:5)
  8 adders
  A shadow imp (D:5)
  2 oozes
  2 adder skeletons (D:5)
  A dart slug (D:3)
  9 leopard geckos
  11 orcs
  7 bats
  3 giant cockroaches
  10 goblins
  5 hobgoblins
  4 jackals (D:2)
  A quokka (D:3)
  2 ball pythons (D:4)
  4 frilled lizards
  4 kobolds
  10 rats
106 creatures vanquished.

Notes
Turn   | Place    | Note
-------+----------+-------------------------------------------
     0 | D:1      | Inchmeat the Hill Orc Fighter began the quest for the Orb.
     0 | D:1      | Reached XP level 1. HP: 19/19 MP: 1/1
    59 | D:1      | Reached skill level 3 in Axes
   131 | D:1      | Reached XP level 2. HP: 19/26 MP: 2/2
   192 | D:1      | Reached skill level 4 in Axes
   629 | D:1      | Reached XP level 3. HP: 28/31 MP: 3/3
   820 | D:2      | Reached skill level 5 in Axes
  1510 | D:3      | Reached XP level 4. HP: 39/39 MP: 4/4
  1731 | D:3      | Reached skill level 6 in Axes
  1962 | D:3      | You fall into a shaft and drop 3 floors!
  1964 | D:6      | Noticed an orc warrior
  1978 | D:5      | Entered Level 5 of the Dungeon
  1984 | D:5      | Reached XP level 5. HP: 42/45 MP: 5/5
  2083 | D:5      | Found a snail-covered altar of Cheibriados.
  2090 | D:5      | Reached skill level 7 in Axes
  2601 | D:5      | Reached skill level 8 in Axes
  2601 | D:5      | Reached XP level 6. HP: 43/51 MP: 6/6
  2728 | D:5      | Noticed an ice beast
  2742 | D:5      | Killed an ice beast
  2742 | D:5      | Reached skill level 9 in Axes
  2908 | D:5      | Noticed an ice beast
  2918 | D:5      | Killed an ice beast
  2918 | D:5      | Reached XP level 7. HP: 38/57 MP: 7/7
  3232 | D:5      | Reached skill level 10 in Axes
  3563 | D:5      | HP: 1/57 [orc wizard/magic dart (6)]
  4421 | D:4      | Reached skill level 11 in Axes
  5004 | D:4      | Reached XP level 8. HP: 61/64 MP: 8/8
  5369 | D:4      | Reached skill level 12 in Axes
  6205 | D:6      | Mangled by an orc warrior

Levels and vault maps discovered:
D:1:      onia_arrival_handbag, layout_basic
D:2:      layout_loops_cross, first_ration, minmay_misc_feat_encased
D:3:      layout_loops_ring, chequers_jeans
D:4:      layout_basic, portal_sewer_entry_b, serial_co_window_serial,
          co_window_paths_a, co_window_corner_a, co_window_paths_a,
          co_window_cross_1, co_window_paths_a, co_window_unsneaky_path_b,
          co_window_broadway_a, co_window_broadway_a, co_window_unsneaky_path_d,
          co_window_of_opportunity_c, co_window_2corner, co_window_corner_cb,
          glass_columns_a
D:5:      layout_basic, basic_altar, minmay_misc_feat_columns
D:6:      layout_rooms, good_gods_mini_temple, slow_altar_1,
          lemuel_crystal_altar, nicolae_overflow_crystal_walls,
          yredelemnul_forgotten_temple_becter, minmay_temple_entry_mini_moons,
          basic_altar, minmay_misc_feat_iff, kennysheep_generic_room_15

Skill      XL: |  1  2  3  4  5  6  7  8 |
---------------+-------------------------+-----
Axes           | 3 4 5 6 8 9 11 12 | 12.1
Fighting       | |  3.6
Armour         | |  3.2
Shields        | |  3.2

Action                   |  1- 3 |  4- 6 |  7- 9 || total
-------------------------+-------+-------+-------++-------
Melee: War axe           |   117 |   111 |   144 ||   372
Evoke: Wand              |       |     2 |     1 ||     3
  Use: Potion            |       |     1 |     5 ||     6
       Scroll            |       |       |     8 ||     8
  Eat: Chunk             |     1 |     5 |     7 ||    13
       Ration            |       |       |     1 ||     1
Armor: Scale mail        |    71 |    75 |    54 ||   200
Dodge: Dodged            |    77 |    68 |    75 ||   220
Block: Shield            |     1 |       |       ||     1
